AoeStats
← zzbs1234

Arena

504936754Analyzed
4v4 RM · 26d ago on Sep 7, 2026· 28m 38s· 8 players
Game mode
Random Map
Map size
Large (8 player)
Population
200
Speed
Normal
Resources
Standard
Victory
Conquest
Starting age
Dark Age
Ending age
Imperial Age
RankedLock teamsTeams togetherTeam positionsShared explorationLock speedFull tech treeHidden civsTurbo modeCheats
Victory
Defeat
🇲🇽 Spanish · Mexico
1269
+11
🇲🇽 Celts · Mexico
1194
+14
🇲🇽 Inca · Mexico
1174
+15
🇧🇴 Burmese · Bolivia
1163
+15
🇺🇸 Teutons · United States
1179
-15
🇨🇳 Bulgarians · China
1166
-14
🇦🇷 Poles · Argentina
1142
-13
🇲🇽 Portuguese · Mexico
1130
-13
Quimimoshly06
15:23 Feudal Age
20:57 Castle Age
xygogo
10:10 Feudal Age
11:24 Double-Bit Axe
12:58 Horse Collar
16:10 Castle Age
17:18 Bow Saw
18:02 Loom
18:22 Fletching
zzbs1234
6:38 Loom
9:03 Feudal Age
9:34 Double-Bit Axe
13:01 Fletching
17:10 Horse Collar
22:46 Castle Age
21:03 Gold Mining
25:52 Scale Mail Armor
25:53 Bodkin Arrow
請給我食物choogran
11:23 Feudal Age
12:00 Double-Bit Axe
13:27 Horse Collar
16:01 Castle Age
16:02 Gold Mining
17:04 Heavy Plow
17:48 Bow Saw
20:48 Stone Mining
21:58 Wheelbarrow
DSLG bolbie
10:49 Feudal Age
10:50 Loom
14:49 Castle Age
13:31 Double-Bit Axe
14:46 Wheelbarrow
15:51 Horse Collar
Komodo3000
9:30 Loom
11:36 Feudal Age
12:29 Double-Bit Axe
12:26 Horse Collar
15:22 Castle Age
13:19 Champi Runner
17:53 Scale Mail Armor
17:50 Champi Warrior
20:00 Town Watch
21:30 Forging
22:00 Chain Mail Armor
23:18 Bow Saw
23:11 Heavy Plow
23:47 Squires
26:54 Iron Casting
27:31 Wheelbarrow
u2roOck
9:24 Feudal Age
16:16 Castle Age
15:56 Bloodlines
15:43 Double-Bit Axe
15:41 Horse Collar
21:29 Bloodlines
23:23 Padded Archer Armor
25:06 Husbandry
DSLG | GORDA CACHONDA
9:44 Loom
12:17 Feudal Age
14:07 Fletching
16:52 Castle Age
16:34 Gold Mining
23:00 Redemption
24:42 Padded Archer Armor
25:21 Wheelbarrow
Connection lost

Rejoining the realm…

Still unreachable

The connection could not be restored.

Session expired

The server has moved on; the page needs a fresh start.